 Dungeon Crawl Stone Soup version bcrawl-1.34.5 (console) character file.

Game seed: 3908968283106410820

276149 GodsVoicemail the Covered (level 11, 0/83 HPs)
             Began as a Gnoll Wanderer on Nov 12, 2021.
             Was a Follower of Ashenzari.
             Killed by refrigeration
             ... invoked by Fannar
              (19 damage)
             ... on level 10 of the Dungeon on Nov 13, 2021.
             The game lasted 01:23:46 (12530 turns).

GodsVoicemail the Covered (Gnoll Wanderer)         Turns: 12530, Time: 01:23:47

Health: 0/83       AC: 15    Str: 13    XL:     11   Next: 34%
Magic:  3/21       EV: 15    Int: 17    God:    Ashenzari [*.....]
Gold:   581        SH:  0    Dex: 17    Spells: 9/23 levels left

rFire    . . .     SeeInvis .   a - +0 shortbow
rCold    . . .     Gourm    .   (shield currently unavailable)
rNeg     . . .     Faith    .   B - +3 leather armour
rPois    .         Spirit   .   (no helmet)
rElec    .         Reflect  .   (no cloak)
rCorr    .         Harm     .   c - +1 pair of gloves
MR       .....                  f - +1 pair of boots
Stlth    +++.......             y - amulet of regeneration
HPRegen  0.32/turn              o - +4 ring of protection
MPRegen  0.17/turn              (no ring)

@: igniting projectiles, lightly drained
A: distributed training, fangs 1, strong nose
a: Curse Item, Scrying, Renounce Religion


You were on level 10 of the Dungeon.
You worshipped Ashenzari.
Ashenzari was aware of your devotion.
You were not hungry.

You visited 2 branches of the dungeon, and saw 11 of its levels.

You collected 776 gold pieces.
You spent 195 gold pieces at shops.

Inventory:

Hand Weapons
 a - a +0 shortbow (weapon)
 b - a +6 short sword of electrocution
 q - a +0 hunting sling
 w - a +2 falchion of holy wrath
Missiles
 h - 265 poisoned needles
 j - 3245 stones
 k - 652 sling bullets
 p - 322 bolts
 u - 78 poisoned tomahawks
 I - 534 arrows (quivered)
Armour
 c - a +1 pair of gloves (worn)
 f - a +1 pair of boots (worn)
 r - a +1 robe of fire resistance
 v - a +0 plate armour
 B - a +3 leather armour (worn)
Jewellery
 o - a +4 ring of protection (left hand)
 x - a cursed ring of see invisible
 y - an amulet of regeneration (around neck)
Wands
 d - a wand of random effects (1)
 C - a wand of paralysis (2)
 E - a wand of iceblast (6)
Scrolls
 i - 5 scrolls of identify
 n - 2 scrolls of magic mapping
 s - 5 scrolls of remove curse
 t - a scroll of fog {unknown}
 z - a scroll of enchant armour
 A - a scroll of silence {unknown}
 F - a scroll of immolation
Potions
 g - a potion of flight
 m - a potion of brilliance
 H - a potion of lignification
Comestibles
 e - 8 rations {!d}


   Skills:
 + Level 6.7(6.1) Fighting
 + Level 6.1(5.5) Short Blades
 + Level 6.1(5.5) Long Blades
 + Level 6.1(5.5) Axes
 + Level 6.1(5.5) Maces & Flails
 + Level 6.1(5.5) Polearms
 + Level 6.1(5.5) Staves
 + Level 6.1(5.5) Slings
 + Level 6.1(5.5) Bows
 + Level 6.1(5.5) Crossbows
 + Level 6.7(6.1) Throwing
 + Level 7.7(7.1) Armour
 + Level 6.1(5.5) Dodging
 + Level 6.1(5.5) Stealth
 + Level 6.1(5.5) Shields
 + Level 6.1(5.5) Unarmed Combat
 + Level 6.8(6.2) Spellcasting
 + Level 5.0(4.5) Conjurations
 + Level 5.0(4.5) Hexes
 + Level 5.0(4.5) Charms
 + Level 5.0(4.5) Summonings
 + Level 5.5(4.9) Necromancy
 + Level 7.5(6.9) Translocations
 + Level 5.0(4.5) Transmutations
 + Level 5.0(4.5) Fire Magic
 + Level 5.0(4.5) Ice Magic
 + Level 5.0(4.5) Air Magic
 + Level 5.0(4.5) Earth Magic
 + Level 5.0(4.5) Poison Magic
 + Level 6.7(6.1) Invocations
 + Level 6.7(6.1) Evocations


You had 9 spell levels left.
You knew the following spells:

 Your Spells              Type           Power        Failure   Level  Hunger
a - Magic Dart            Conj           ###.         2%          1    None
b - Blink                 Tloc           N/A          1%          2    None
c - Mephitic Cloud        Conj/Pois/Air  ###.....     8%          3    ##.....
d - Portal Projectile     Tloc           ####..       2%          3    ##.....
e - Call Imp              Summ           ###...       3%          2    None
f - Blink Other           Tloc           ####..       1%          1    None
g - Flaming Arrows        Chrm/Fire      ###.....     3%          2    None

Your spell library contained the following spells:

 Spells                   Type           Power        Failure   Level  Hunger
 Apportation              Tloc           ####..       1%          1    None
 Flame Tongue             Conj/Fire      ###..        2%          1    None
 Teleport Other           Tloc           ####....     2%          3    ##.....
 Conjure Flame            Conj/Fire      ###.....     8%          3    ##.....
 Inner Flame              Hex/Fire       N/A          8%          3    ##.....
 Spider Form              Tmut/Pois      ###          8%          3    ##.....
 Sticky Flame             Conj/Fire      ###.....     24%         4    ####...
 Passage of Golubria      Tloc           N/A          24%         5    #####..
 Fireball                 Conj/Fire      ###.......   56%         5    #####..
 Iskenderun's Battlesphe  Conj/Chrm      ###.....     56%         5    #####..
 Piercing Shot            Chrm           ###.......   56%         5    #####..
 Silence                  Hex/Air        ###.......   56%         5    #####..
 Deflect Missiles         Chrm/Air       ###.......   98%         6    #######
 Infestation              Hex/Tmut/Pois  ###......    98%         6    #######
 Discord                  Hex            ###.......   100%        7    #######


Dungeon Overview and Level Annotations

Branches:
Dungeon (10/12)            Temple (1/1) D:5            Lair (0/6) D:8
    Orc (0/1) D:10

Altars:
Ashenzari
Cheibriados
Dithmenos
Elyvilon
Fedhas
Gozag
Hepliaklqana
Kikubaaqudgha
Lugonu
Makhleb
Nemelex Xobeh
Okawaru
Qazlal
Ru
Sif Muna
Trog
Uskayaw
Vehumet
Wu Jian
Xom
Yredelemnul
Zin
The Shining One

Shops:
D:5 !   D:6 =

Annotations:
D:6 1 runed door
D:7 1 runed translucent door, Anselmus's ghost, novice GrEE
D:10 1 exclusion, Fannar


Innate Abilities, Weirdness & Mutations

Your experience applies equally to all skills.
You have very sharp teeth.
Your uncanny sense of smell can sniff out nearby items.


Message History

The arrow is used to channel a burst of flame!
The ice beast is heavily wounded.
Firing (i - inventory. (/) - cycle)
I - 535 arrows (quivered)
Press: ? - help, Shift-Dir - straight line, f/p - Fannar
Aim: Fannar, wielding a +0 quarterstaff of freezing, wearing a +1 robe of cold resistance and wearing the ring "Suh Xomm" {Ice *Drain Dex+6} (severely wounded)
You shoot an arrow.
The arrow hits the ice beast but does no damage.
The arrow is used to channel a burst of flame.
The ice beast is severely wounded.
The ice beast closely misses you.
Evoke which item? (* to show all) (? for menu, Esc to quit)
Okay, then.
As you read the scroll of fear, it crumbles to dust.
You assume a fearsome visage.
The ice beast resists with some effort.
The ice beast resists with almost no effort.
Fannar resists with some effort.
The ice beast closely misses you.
Fannar gestures wildly while chanting.
Fannar drains the heat from the surrounding environment!
You feel very cold.
You die...

########## #.........
#......... #.........
#......... #.........
######################...).....
................@Y.Y.e..>......
######..............##.........
#.###########...#)........ #.#
#)>.#......... #.#
#...#......... #.#
#.####+####### #.# #.# #.# ##.#
#.# #######..#


You could see Fannar and 2 ice beasts.

Vanquished Creatures
  Erica (D:8)
  2 dancing weapons
  An ugly thing (D:9)
  A centaur skeleton (D:9)
  A komodo dragon (D:9)
  A troll (D:9)
  Grinder (D:3)
  A hippogriff (D:8)
  Sigmund (D:5)
  Grum (D:8)
  A steam dragon (D:8)
  2 wargs (D:10)
  4 crocodiles
  2 water moccasins
  Duvessa (D:7)
  5 orc warriors
  2 sky beasts
  4 ice beasts
  A hornet zombie (D:6)
  2 phantoms
  2 ogres
  3 centaurs
  2 wolves
  2 bullfrogs
  3 scorpions
  9 wights
  A howler monkey (D:6)
  5 crimson imps
  A centaur zombie (D:6)
  3 orc priests
  A bullfrog zombie (D:3)
  4 hounds
  A jelly (D:6)
  8 orc wizards
  A bullfrog skeleton (D:5)
  A gnoll shaman (D:7)
  2 iguanas
  8 worker ants
  A mummy (D:5)
  4 gnolls
  A howler monkey skeleton (D:4)
  6 adders
  A shadow imp (D:6)
  An ooze (D:1)
  An adder zombie (D:8)
  4 adder skeletons
  5 worms
  2 dart slugs
  2 leopard geckos
  18 orcs
  4 giant cockroaches
  9 goblins
  13 hobgoblins
  8 jackals
  4 quokkas
  2 ball pythons
  3 bats
  A frilled lizard (D:1)
  2 hobgoblin zombies (D:5)
  5 kobolds
  A kobold zombie (D:5)
  An orc zombie (D:5)
  A quokka zombie (D:6)
  5 rats
197 creatures vanquished.

Vanquished Creatures (others)
  An orc wizard (D:6)
  4 fungi (D:8)
  A plant (D:8)
  A withered plant (D:7)
7 creatures vanquished.

Grand Total: 204 creatures vanquished

Notes
Turn   | Place    | Note
-------+----------+-------------------------------------------
     0 | D:1      | GodsVoicemail the Gnoll Wanderer began the quest for the
                  | Orb.
     0 | D:1      | GodsVoicemail set off with the following items: a +0 spear,
                  | a +0 robe, a ration {!d}; and the following spells
                  | available to memorise: Apportation, Blink Other, Blink,
                  | Portal Projectile, Teleport Other, Magic Dart, Call Imp,
                  | Conjure Flame, Mephitic Cloud, Spider Form, Passage of
                  | Golubria
     0 | D:1      | Reached XP level 1. HP: 17/17 MP: 4/4
     2 | D:1      | Learned a level 1 spell: Magic Dart
   383 | D:1      | Reached XP level 2. HP: 16/23 MP: 1/5
   426 | D:1      | Learned a level 2 spell: Blink
   776 | D:1      | Reached XP level 3. HP: 27/28 MP: 7/7
  1554 | D:2      | Reached skill level 1 in Invocations
  1950 | D:3      | Reached skill level 1 in Short Blades
  1950 | D:3      | Reached skill level 1 in Long Blades
  1950 | D:3      | Reached skill level 1 in Axes
  1950 | D:3      | Reached skill level 1 in Maces & Flails
  1950 | D:3      | Reached skill level 1 in Polearms
  1950 | D:3      | Reached skill level 1 in Staves
  1950 | D:3      | Reached skill level 1 in Slings
  1950 | D:3      | Reached skill level 1 in Bows
  1950 | D:3      | Reached skill level 1 in Crossbows
  1950 | D:3      | Reached skill level 1 in Dodging
  1950 | D:3      | Reached skill level 1 in Stealth
  1950 | D:3      | Reached skill level 1 in Shields
  1950 | D:3      | Reached skill level 1 in Unarmed Combat
  2015 | D:3      | Reached XP level 4. HP: 34/34 MP: 8/8
  2207 | D:3      | Found a stormy altar of Qazlal.
  2392 | D:3      | Reached skill level 1 in Conjurations
  2392 | D:3      | Reached skill level 1 in Hexes
  2392 | D:3      | Reached skill level 1 in Charms
  2392 | D:3      | Reached skill level 1 in Summonings
  2392 | D:3      | Reached skill level 1 in Transmutations
  2392 | D:3      | Reached skill level 1 in Fire Magic
  2392 | D:3      | Reached skill level 1 in Ice Magic
  2392 | D:3      | Reached skill level 1 in Air Magic
  2392 | D:3      | Reached skill level 1 in Earth Magic
  2392 | D:3      | Reached skill level 1 in Poison Magic
  2393 | D:3      | Reached XP level 5. HP: 40/40 MP: 9/9
  2468 | D:3      | Noticed Grinder
  3657 | D:4      | Noticed a crocodile
  3854 | D:4      | Killed a crocodile
  3855 | D:4      | Reached skill level 5 in Armour
  3855 | D:4      | Reached XP level 6. HP: 39/47 MP: 9/11
  3998 | D:4      | Noticed a phantom
  4544 | D:4      | Reached XP level 7. HP: 47/52 MP: 12/12
  4678 | D:5      | Entered Level 5 of the Dungeon
  4678 | D:5      | Found a sparkling altar of Nemelex Xobeh.
  4678 | D:5      | Noticed Sigmund
  4877 | D:5      | Reached XP level 8. HP: 52/60 MP: 12/14
  4919 | D:5      | Killed Sigmund
  4977 | D:5      | Found a staircase to the Ecumenical Temple.
  4988 | Temple   | Entered the Ecumenical Temple
  5240 | Temple   | Became a worshipper of Ashenzari the Shackled
  5241 | Temple   | Found the cursed amulet of Vision {SInv *Curse}
  5400 | D:5      | Found Joakal's Distillery.
  5463 | D:5      | Bought a potion of heal wounds for 75 gold pieces
  5463 | D:5      | Bought a potion of might for 60 gold pieces
  5463 | D:5      | Bought a potion of agility for 60 gold pieces
  6683 | D:3      | Found a stormy altar of Qazlal.
  6950 | D:3      | Killed Grinder
  7167 | D:6      | Found an ancient bone altar of Kikubaaqudgha.
  7257 | D:6      | Reached XP level 9. HP: 42/66 MP: 16/16
  7514 | D:6      | Found Mum Wieg's Jewellery Shoppe.
  7567 | D:6      | Reached skill level 5 in Spellcasting
  7647 | D:6      | Reached skill level 5 in Fighting
  7647 | D:6      | Reached skill level 5 in Throwing
  7647 | D:6      | Reached skill level 5 in Evocations
  7992 | D:6      | Found a runed door.
  8345 | D:7      | Found a runed translucent door.
  8345 | D:7      | Noticed Anselmus's ghost (novice GrEE)
  8446 | D:7      | Noticed Duvessa
  8705 | D:7      | Killed Duvessa
  8759 | D:7      | Found a glowing silver altar of Zin.
  8841 | D:7      | Reached skill level 5 in Invocations
  9066 | D:8      | Noticed a troll
  9124 | D:8      | Found a radiant altar of Vehumet.
  9364 | D:8      | Reached XP level 10. HP: 37/74 MP: 18/18
  9441 | D:8      | Noticed Grum
  9594 | D:8      | Found a basalt altar of Yredelemnul.
  9659 | D:8      | Noticed Erica
  9748 | D:9      | Noticed a green ugly thing
  9782 | D:8      | Killed Erica
  9783 | D:8      | Reached skill level 5 in Short Blades
  9783 | D:8      | Reached skill level 5 in Long Blades
  9783 | D:8      | Reached skill level 5 in Axes
  9783 | D:8      | Reached skill level 5 in Maces & Flails
  9783 | D:8      | Reached skill level 5 in Polearms
  9783 | D:8      | Reached skill level 5 in Staves
  9783 | D:8      | Reached skill level 5 in Slings
  9783 | D:8      | Reached skill level 5 in Bows
  9783 | D:8      | Reached skill level 5 in Crossbows
  9783 | D:8      | Reached skill level 5 in Dodging
  9783 | D:8      | Reached skill level 5 in Stealth
  9783 | D:8      | Reached skill level 5 in Shields
  9783 | D:8      | Reached skill level 5 in Unarmed Combat
  9952 | D:8      | Found a hide-covered altar of Uskayaw.
  9952 | D:8      | Noticed a +0 dagger
  9953 | D:8      | Noticed a +0 hand axe
  9956 | D:8      | Reached * piety under Ashenzari
 10032 | D:7      | Killed a +0 dagger
 10102 | D:8      | Found a staircase to the Lair.
 10149 | D:8      | Reached skill level 5 in Necromancy
 10221 | D:8      | Killed Grum
 10663 | D:9      | Learned a level 3 spell: Mephitic Cloud
 10667 | D:9      | Learned a level 3 spell: Portal Projectile
 10670 | D:9      | Learned a level 2 spell: Call Imp
 10672 | D:9      | Learned a level 1 spell: Blink Other
 11145 | D:8      | Reached XP level 11. HP: 67/82 MP: 20/20
 11266 | D:9      | Learned a level 2 spell: Flaming Arrows
 11292 | D:9      | Killed a green ugly thing
 11530 | D:9      | Found a shadowy altar of Dithmenos.
 11533 | D:9      | Found a hazy altar of Hepliaklqana.
 11841 | D:9      | HP: 3/83 [+0 hand axe (10)]
 11846 | D:9      | HP: 2/83 [+0 hand axe (4)]
 11854 | D:9      | Killed a +0 hand axe
 11855 | D:9      | Reached skill level 5 in Conjurations
 11855 | D:9      | Reached skill level 5 in Hexes
 11855 | D:9      | Reached skill level 5 in Charms
 11855 | D:9      | Reached skill level 5 in Summonings
 11855 | D:9      | Reached skill level 5 in Transmutations
 11855 | D:9      | Reached skill level 5 in Fire Magic
 11855 | D:9      | Reached skill level 5 in Ice Magic
 11855 | D:9      | Reached skill level 5 in Air Magic
 11855 | D:9      | Reached skill level 5 in Earth Magic
 11855 | D:9      | Reached skill level 5 in Poison Magic
 12128 | D:10     | Entered Level 10 of the Dungeon
 12263 | D:10     | Found a staircase to the Orcish Mines.
 12512 | D:10     | Identified the ring "Suh Xomm" {Ice *Drain Dex+6}
 12512 | D:10     | Noticed Fannar
 12530 | D:10     | Killed from afar by Fannar

Skill      XL: |  1  2  3  4  5  6  7  8  9 10 11 |
---------------+----------------------------------+-----
Necromancy     | 2 3 4 5 |  5.5
Invocations    | 1 2 3 4 5 6 |  6.7
Short Blades   | 1 2 3 4 5 6 |  6.1
Long Blades    | 1 2 3 4 5 6 |  6.1
Axes           | 1 2 3 4 5 6 |  6.1
Maces & Flails | 1 2 3 4 5 6 |  6.1
Polearms       | 1 2 3 4 5 6 |  6.1
Staves         | 1 2 3 4 5 6 |  6.1
Slings         | 1 2 3 4 5 6 |  6.1
Bows           | 1 2 3 4 5 6 |  6.1
Crossbows      | 1 2 3 4 5 6 |  6.1
Dodging        | 1 2 3 4 5 6 |  6.1
Stealth        | 1 2 3 4 5 6 |  6.1
Shields        | 1 2 3 4 5 6 |  6.1
Unarmed Combat | 1 2 3 4 5 6 |  6.1
Spellcasting   | 3 4 5 6 |  6.8
Conjurations   | 1 2 3 4 5 |  5.0
Hexes          | 1 2 3 4 5 |  5.0
Charms         | 1 2 3 4 5 |  5.0
Summonings     | 1 2 3 4 5 |  5.0
Transmutations | 1 2 3 4 5 |  5.0
Fire Magic     | 1 2 3 4 5 |  5.0
Ice Magic      | 1 2 3 4 5 |  5.0
Air Magic      | 1 2 3 4 5 |  5.0
Earth Magic    | 1 2 3 4 5 |  5.0
Poison Magic   | 1 2 3 4 5 |  5.0
Fighting       | 3 4 5 6 |  6.7
Throwing       | 3 4 5 6 |  6.7
Evocations     | 3 4 5 6 |  6.7
Armour         | 5 6 7 |  7.7
Translocations | 6 7 |  7.5

Action                   |  1- 3 |  4- 6 |  7- 9 | 10-12 || total
-------------------------+-------+-------+-------+-------++-------
Melee: Club              |    86 |   175 |   118 |       ||   379
       Spear             |     4 |       |       |       ||     4
       Bite              |    13 |    18 |    50 |    34 ||   115
       Punch             |       |     2 |     8 |     8 ||    18
       Falchion          |       |       |   192 |    41 ||   233
       Short sword       |       |       |    90 |   218 ||   308
 Fire: Hunting sling     |    43 |    72 |   119 |    75 ||   309
       Shortbow          |       |       |       |    27 ||    27
Throw: Stone             |    11 |     1 |     1 |       ||    13
       Tomahawk          |       |     2 |    24 |    32 ||    58
 Cast: Magic Dart        |    17 |       |       |       ||    17
       Blink             |     1 |       |       |    18 ||    19
       Call Imp          |       |       |       |     2 ||     2
       Flaming Arrows    |       |       |       |     9 ||     9
       Portal Projectile |       |       |       |     5 ||     5
       Blink Other       |       |       |       |     2 ||     2
Evoke: Wand              |       |       |     6 |    11 ||    17
  Use: Potion            |     1 |     2 |    14 |     8 ||    25
       Scroll            |       |       |     7 |    13 ||    20
 Stab: Invisible         |     2 |     6 |     4 |       ||    12
       Sleeping          |       |     1 |       |     1 ||     2
       Paralysed         |       |       |    25 |     3 ||    28
  Eat: Chunk             |     8 |    10 |    17 |    17 ||    52
       Ration            |       |     1 |     4 |     1 ||     6
Armor: Ring mail         |    40 |    29 |       |       ||    69
       Leather armour    |       |    41 |   158 |   110 ||   309
       Skin              |       |       |   175 |     1 ||   176
Dodge: Dodged            |    55 |   137 |   310 |   156 ||   658
Block: Other             |       |       |     5 |     3 ||     8
